 Dungeon Crawl Stone Soup version 0.28-a0-43-g560ac104fe (webtiles) character file.

Game seed: 17185612490822080813

6930 Sobieck the Thaumaturge (level 10, -8/65 HPs)
             Began as a Deep Elf Conjurer on July 28, 2021.
             Was a Believer of Cheibriados.
             Shot with an arrow by a centaur warrior (28 damage)
             ... on level 8 of the Dungeon.
             The game lasted 00:24:41 (9667 turns).

Sobieck the Thaumaturge (Deep Elf Conjurer)         Turns: 9667, Time: 00:24:41

Health: -8/65      AC:  7    Str: 18    XL:     10   Next: 80%
Magic:  9/25       EV: 19    Int: 34    God:    Cheibriados [**....]
Gold:   427        SH:  0    Dex: 24    Spells: 16/27 levels left

rFire   . . .      SeeInvis .   d - +1 longbow (flame) {bow}
rCold   . . .      Faith    .   (shield currently unavailable)
rNeg    . . .      Spirit   .   Z - +1 leather armour of the Wilderness {Regen+ Str+6 Int+3}
rPois   .          Reflect  .   (no helmet)
rElec   .          Harm     .   (no cloak)
rCorr   .          Rampage  .   t - +1 pair of gloves
Will    +....                   p - +0 pair of boots
Stlth   ++++......              l - amulet of Veaschacy {Regen+ Str+4 Dex+7}
HPRegen 2.20/turn               (no ring)
MPRegen 0.19/turn               (no ring)

@: very slow
A: no striking features
a: Renounce Religion, Bend Time


You were on level 8 of the Dungeon.
You worshipped Cheibriados.
Cheibriados was pleased with you.
You visited 2 branches of the dungeon, and saw 9 of its levels.

You collected 427 gold pieces.


   Skills:
 + Level 8.6 Fighting
 + Level 3.6 Bows
 - Level 9.0 Dodging
 - Level 6.0 Stealth
 - Level 9.0 Spellcasting
 - Level 6.0 Conjurations
 - Level 6.0 Hexes
 - Level 4.0 Translocations


You had 16 spell levels left.
You knew the following spells:

 Your Spells              Type           Power      Damage    Failure   Level
a - Magic Dart            Conj           100%       1d8       1%          1
b - Searing Ray           Conj           100%       3d7       1%          2
c - Fulminant Prism       Conj/Hex       27%        3d14      3%          4
d - Iskenderun's Mystic   Conj/Tloc      49%        2d11      4%          4

Your spell library contained the following spells:

 Spells                   Type           Power      Damage    Failure   Level
 Blink                    Tloc           N/A        N/A       1%          2
 Dazzling Flash           Conj/Hex       100%       N/A       1%          3
 Lesser Beckoning         Tloc           21%        N/A       1%          3
 Manifold Assault         Tloc           42%        N/A       19%         5

Inventory:

Hand Weapons
 d - a +1 longbow of flaming (weapon) {bow}
   (You took it off a centaur warrior on level 8 of the Dungeon)
Missiles
 b - 46 poisoned darts {throwing}
 c - 169 arrows (quivered ammo)
 e - 170 stones {throwing}
 o - 21 sling bullets
 s - a throwing net {=f!fthrowing}
 B - 27 bolts
 R - 7 javelins {throwing}
Armour
 a - a +0 robe
 p - a +0 pair of boots (worn)
   (You found it on level 3 of the Dungeon)
 t - a +1 pair of gloves (worn)
   (You found it on level 5 of the Dungeon)
 v - a +0 pair of boots
   (You found it on level 4 of the Dungeon)
 w - the +0 leather armour of the Mantidfly {rN+}
   (You found it on level 4 of the Dungeon)

   rN:        It protects you from negative energy.
 y - a +3 ring mail
   (You took it off an orc on level 5 of the Dungeon)
 D - +0 fire dragon scales
   (You found it on level 6 of the Dungeon)
 N - a +2 robe of willpower
   (You took it off a wight on level 7 of the Dungeon)
 W - a +1 robe of positive energy
   (You took it off a wight on level 8 of the Dungeon)
 Z - the +1 leather armour of the Wilderness (worn) {Regen+ Str+6 Int+3}
   (You found it on level 8 of the Dungeon)

   Str:       It affects your strength (+6).
   Int:       It affects your intelligence (+3).
   Regen:     It increases your rate of health regeneration.
Magical Staves
 E - a staff of conjuration {!a@e2staff}
   (You found it on level 6 of the Dungeon)
Jewellery
 l - the amulet of Veaschacy (around neck) {Regen+ Str+4 Dex+7}
   (You acquired it on level 5 of the Dungeon)

   [amulet of regeneration]

   Str:       It affects your strength (+4).
   Dex:       It affects your dexterity (+7).
   Regen:     It increases your rate of health regeneration.
Wands
 u - a wand of acid (10)
   (You found it on level 4 of the Dungeon)
 A - a wand of mindburst (23)
   (You found it on level 5 of the Dungeon)
 H - a wand of iceblast (5)
   (You found it on level 6 of the Dungeon)
 L - a wand of flame (15)
   (You found it on level 7 of the Dungeon)
Scrolls
 j - a scroll of blinking {!r}
 n - 3 scrolls of enchant armour
 G - 4 scrolls of teleportation {unknown}
 I - 2 scrolls of noise {unknown}
Potions
 i - 4 potions of haste {@q3}
 m - a potion of berserk rage {!q}
 q - 3 potions of heal wounds {@q2}
 r - 2 potions of flight
 x - 3 potions of brilliance
 z - 3 potions of cancellation
 C - 2 potions of haste {forbidden@q3}
 F - 2 potions of degeneration {!q@e2}
 J - 2 potions of curing {unknown}
 X - a potion of resistance {unknown}

Dungeon Overview and Level Annotations

Branches:
Dungeon (8/15)             Temple (1/1) D:7
   Lair: D:8-11

Altars:
Cheibriados
Fedhas
Kikubaaqudgha
Makhleb
Ru
Sif Muna
Trog
Uskayaw
Wu Jian
Xom
Yredelemnul
Zin
The Shining One

Shops:
D:2 =   D:6 :   D:7 [

Annotations:
D:3 exclusion: downstairs

#..###
#..###...#####)#
####
#...#.......##.#
#'####...).โ€
).#
##.888#.)...####
#8....รท..####
##.888#..#
##'####..# #...#
#.## #(####@.##
#.# #.c(.โ€ .#.#
#.# ##...#####
..# #### ###


You could see a centaur warrior.


Message History

๐Ÿ˜จ HP[-24] MP[-1]
You take 24 damage, and now have 23/64 hp.
MASSIVE DAMAGE!! (PAUSE)
You lost 1 mp, and now have 18/25 mp.
Casting: Searing Ray (safe; 1% risk of failure)
Confirm with . or Enter, or press ? or * to list all spells.
Okay, then.
Casting: Searing Ray (safe; 1% risk of failure)
Confirm with . or Enter, or press ? or * to list all spells.
Restarting spell: Searing Ray (safe; 1% risk of failure)
Press: ? - help, Shift-Dir - straight line, f/p - seven-headed hydra
Aim: a seven-headed hydra (almost dead, 94% to hit)
The searing ray hits the seven-headed hydra!
You kill the seven-headed hydra!
Cheibriados thoroughly appreciates the change of pace. (Press . to maintain the ray.)
An orc comes into view. It is wielding a +0 flail.
Your Bows skill gained 3 levels and is now at level 3! ๐Ÿ˜จ HP[+3] MP[-1]
You now have 65 max hp (+1).
You regained 3 hp, and now have 26/65 hp.
You lost 1 mp, and now have 17/25 mp.
Casting: Searing Ray (safe; 1% risk of failure)
Confirm with . or Enter, or press ? or * to list all spells.
Aiming: Fulminant Prism (dangerous; 3% risk of failure)
Press: ? - help, Dir - move target You conjure a prism of explosive energy!
A fulminant prism comes into view.
An orc comes into view.
It is wielding a +0 whip. ๐Ÿ˜จ HP[+2] MP[-4]
You regained 2 hp, and now have 28/65 hp.
You lost 4 mp, and now have 13/25 mp.
You are too injured to fight recklessly!
Unknown command.
Fire: 172 arrows
Press: ? - help, Q - select action, (/) - cycle Shift-Dir - straight line, f - orc
Aim: an orc, wielding a +0 flail, wearing a +0 chain mail and quivering boomerangs (ally target, 74% to hit)
You shoot an arrow. The arrow barely misses the orc.
The orc throws a boomerang.
The boomerang hits you.
* * * LOW HITPOINT WARNING * * *
Your fulminant prism crackles loudly. ๐Ÿ˜จ HP[+1] Fire: 171 arrows
Press: ? - help, Q - select action, (/) - cycle Shift-Dir - straight line, f/p - orc
Aim: an orc, wielding a +0 flail, wearing a +0 chain mail and quivering boomerangs (ally target, 74% to hit)
You shoot an arrow. The arrow hits the orc!
The arrow burns the orc.
You kill the orc!
Cheibriados appreciates the change of pace.
The blast of energy engulfs the orc!!
You kill the orc!
Cheibriados thoroughly appreciates the change of pace.
You hear a shout! ๐Ÿ˜ฎ HP[+4]
You regained 4 hp, and now have 33/65 hp.
You start resting.
You hear a shout!
The centaur warrior wields a +0 longbow.
The centaur warrior shoots an arrow.
The arrow barely misses you. ๐Ÿ˜ฎ HP[+11] MP[+1]
You regained 11 hp, and now have 44/65 hp.
Casting: Fulminant Prism (dangerous; 3% risk of failure)
Confirm with . or Enter, or press ? or * to list all spells.
Aiming: Fulminant Prism (dangerous; 3% risk of failure)
Press: ? - help, Dir - move target You conjure a prism of explosive energy!
A fulminant prism comes into view.
The centaur warrior shoots an arrow.
The arrow barely misses you. ๐Ÿ˜ฎ HP[+2] MP[-3]
You regained 2 hp, and now have 46/65 hp.
You lost 3 mp, and now have 11/25 mp.
You are too injured to fight recklessly!
Fire: 170 arrows
Press: ? - help, Q - select action, (/) - cycle Shift-Dir - straight line, f - centaur warrior
Aim: a centaur warrior, wielding a +0 longbow and quivering arrows (ally target, 74% to hit)
You shoot an arrow. The arrow hits the centaur warrior!
The arrow burns the centaur warrior.
The centaur warrior shoots an arrow.
The arrow closely misses you.
The centaur warrior shoots an arrow.
The arrow hits you!!
* * * LOW HITPOINT WARNING * * *
Your fulminant prism crackles loudly. ๐Ÿ˜จ HP[-15]
You take 15 damage, and now have 31/65 hp.
MASSIVE DAMAGE!! (PAUSE)
The blast of energy engulfs the centaur warrior!!
Cheibriados appreciates the change of pace.
You feel a bit more experienced.
The centaur warrior shoots an arrow.
The arrow hits you!
* * * LOW HITPOINT WARNING * * *
You hear a shout! ๐Ÿ˜จ HP[-13]
You take 13 damage, and now have 18/65 hp.
Casting: Fulminant Prism (dangerous; 3% risk of failure)
Confirm with . or Enter, or press ? or * to list all spells.
Aiming: Searing Ray (safe; 1% risk of failure)
Press: ? - help, Shift-Dir - straight line, f/p - centaur warrior
Aim: a centaur warrior, wielding a +0 longbow and quivering arrows (severely wounded, 87% to hit)
The searing ray hits the centaur warrior! (Press . to maintain the ray.)
The centaur warrior shoots an arrow.
The arrow hits you!!
You die...

Skill      XL: |  1  2  3  4  5  6  7  8  9 10 |
---------------+-------------------------------+-----
Conjurations   | 5 6 |  6.0
Spellcasting   | 4 5 7 9 |  9.0
Stealth        | 4 6 |  6.0
Hexes          | 4 6 |  6.0
Translocations | 3 4 |  4.0
Fighting       | 2 5 8 |  8.6
Dodging        | 4 8 9 |  9.0
Bows           | 3 |  3.6

Action                   |  1- 3 |  4- 6 |  7- 9 | 10-12 || total
-------------------------+-------+-------+-------+-------++-------
Melee: Falchion          |     4 |       |     8 |       ||    12
       Staff             |       |       |     9 |       ||     9
 Fire: Longbow           |       |       |       |     7 ||     7
 Cast: Magic Dart        |    75 |    88 |   131 |       ||   294
       Searing Ray       |     1 |     9 |    41 |    11 ||    62
       Fulminant Prism   |       |       |    29 |     9 ||    38
       Iskenderun's Myst |       |       |     2 |       ||     2
  Use: Scroll            |       |       |    13 |       ||    13
       Potion            |       |       |     1 |       ||     1
 Stab: Sleeping          |     2 |       |       |       ||     2
Armor: Robe              |       |     1 |    25 |       ||    26
       Leather armour    |       |       |       |     2 ||     2
Dodge: Dodged            |       |    12 |    68 |    18 ||    98
       Rpst.: Falchion   |       |     2 |    13 |       ||    15

Levels and vault maps discovered:
D:1:      eino_arrival_druids_welcome, layout_basic, serial_rivers,
          chequers_serial_rivers_marsh, chequers_serial_rivers_large_b,
          chequers_serial_rivers_small_3, chequers_serial_rivers_room_a,
          minivault_14
D:2:      cheibrodos_helix_gallery, layout_basic, serial_shops, shop_statue,
          basic_altar, minmay_octomino_e4
D:3:      layout_loops_ring, fedhas_altar_1,
          mainiacjoe_overflow_surrounded_room, nicolae_yredelemnul_corpse_copse,
          shapermc_ecumenical_altar_notcrosses, nrook_mini_vaults
D:4:      layout_basic, mainiacjoe_overflow_big_doors, nzn_random_ring,
          uniq_edmund
D:5:      layout_loops_ring
D:6:      layout_basic, nicolae_kikubaaqudgha_miasma_corner,
          minmay_misc_feat_iff, nicolae_shop_self_help
D:7:      layout_basic, nicolae_wu_jian_immortal_techniques,
          minmay_temple_entry_statues_fountains, serial_shops,
          nicolae_square_shop, amethyst_killhole, grunt_decor_resistance,
          minivault_25, sigmund_army, uniq_duvessa
D:8:      minmay_chambers_of_sevens, layout_loops_ring,
          mainiacjoe_overflow_24_doors
Temple:   eino_wide_crystal_templ

Notes
Turn   | Place    | Note
-------+----------+-------------------------------------------
     0 | D:1      | Sobieck the Deep Elf Conjurer began the quest for the Orb.
     0 | D:1      | Reached XP level 1. HP: 10/10 MP: 6/6
     0 | D:1      | magus.rc [v1.9.6]
   288 | D:1      | Reached XP level 2. HP: 8/15 MP: 4/8
   291 | D:1      | Learned a level 2 spell: Searing Ray
   769 | D:1      | Reached skill level 5 in Conjurations
  1224 | D:2      | Reached XP level 3. HP: 19/19 MP: 8/10
  1479 | D:2      | Found a glowing golden altar of the Shining One.
  1748 | D:2      | Reached skill level 4 in Spellcasting
  1891 | D:2      | Reached XP level 4. HP: 24/24 MP: 6/12
  1905 | D:2      | Reached skill level 6 in Conjurations
  1987 | D:2      | Found Vaudgh's Jewellery Emporium.
  2426 | D:3      | Reached skill level 5 in Spellcasting
  2462 | D:3      | Found a basalt altar of Yredelemnul.
  2544 | D:3      | Found a bloodstained altar of Trog.
  2631 | D:3      | Found a faded altar of an unknown god.
  2722 | D:3      | Reached XP level 5. HP: 28/28 MP: 5/14
  2727 | D:3      | Learned a level 4 spell: Fulminant Prism
  2732 | D:3      | Learned a level 4 spell: Iskenderun's Mystic Blast
  2845 | D:3      | Found a blossoming altar of Fedhas.
  3109 | D:4      | Noticed Edmund
  3161 | D:4      | Reached skill level 6 in Spellcasting
  3321 | D:4      | Killed Edmund
  3322 | D:4      | Reached skill level 7 in Spellcasting
  3322 | D:4      | Reached XP level 6. HP: 27/32 MP: 7/18
  3616 | D:4      | Reached skill level 8 in Spellcasting
  4199 | D:4      | Reached skill level 9 in Spellcasting
  4199 | D:4      | Reached XP level 7. HP: 27/36 MP: 10/21
  4303 | D:4      | Reached skill level 3 in Stealth
  4303 | D:4      | Reached skill level 1 in Hexes
  4303 | D:4      | Reached skill level 1 in Translocations
  4592 | D:4      | Reached skill level 2 in Hexes
  4633 | D:4      | Identified the +0 leather armour of the Mantidfly {rN+}
  4667 | D:4      | Found a sacrificial altar of Ru.
  4675 | D:4      | Reached skill level 2 in Translocations
  4768 | D:4      | Found a burning altar of Makhleb.
  4925 | D:5      | Entered Level 5 of the Dungeon
  4936 | D:5      | Identified a scroll of acquirement
  4938 | D:5      | Acquired the amulet of Veaschacy {Regen+ Str+4 Dex+7}
  4972 | D:5      | Reached skill level 4 in Stealth
  4972 | D:5      | Reached skill level 3 in Hexes
  5124 | D:5      | Reached skill level 4 in Hexes
  5124 | D:5      | Reached skill level 3 in Translocations
  5124 | D:5      | Reached XP level 8. HP: 41/41 MP: 17/23
  5129 | D:5      | Reached skill level 5 in Stealth
  5455 | D:5      | Reached skill level 4 in Translocations
  5494 | D:5      | You pick up a book of Spatial Translocations and begin
                  | reading...
  5494 | D:5      | You add the spells Blink, Lesser Beckoning and Manifold
                  | Assault to your library.
  5517 | D:5      | Reached skill level 5 in Hexes
  5697 | D:5      | Reached skill level 6 in Stealth
  5697 | D:5      | Reached skill level 6 in Hexes
  5697 | D:5      | Reached skill level 1 in Fighting
  5697 | D:5      | Reached skill level 3 in Dodging
  6048 | D:6      | Reached skill level 2 in Fighting
  6048 | D:6      | Reached skill level 4 in Dodging
  6157 | D:6      | Reached XP level 9. HP: 37/49 MP: 1/24
  6158 | D:6      | Reached skill level 5 in Dodging
  6160 | D:6      | Reached skill level 3 in Fighting
  6698 | D:6      | Reached skill level 6 in Dodging
  6758 | D:6      | Found Mevuz's Self-Improvement Boutique.
  6905 | D:6      | Found an ancient bone altar of Kikubaaqudgha.
  6989 | D:6      | Reached skill level 4 in Fighting
  7503 | D:7      | Reached skill level 7 in Dodging
  7534 | D:7      | Found a staircase to the Ecumenical Temple.
  7543 | Temple   | Entered the Ecumenical Temple
  7556 | Temple   | Became a worshipper of Cheibriados the Contemplative
  7630 | D:7      | Found Vutaph's Armour Shoppe.
  7636 | D:7      | Noticed Dowan
  7642 | D:7      | Noticed Duvessa
  7646 | D:7      | Killed Dowan
  7648 | D:7      | Killed Duvessa
  7870 | D:7      | Reached skill level 5 in Fighting
  7876 | D:7      | Reached skill level 8 in Dodging
  8236 | D:7      | Reached * piety under Cheibriados
  8354 | D:7      | Found an ornate altar of the Wu Jian Council.
  9031 | D:8      | Found a hide-covered altar of Uskayaw.
  9089 | D:8      | Identified the +1 leather armour of the Wilderness {Regen+
                  | Str+6 Int+3}
  9297 | D:8      | Noticed a centaur warrior
  9308 | D:8      | Reached XP level 10. HP: 60/60 MP: 20/25
  9331 | D:8      | Noticed a two-headed ogre
  9343 | D:8      | Killed a two-headed ogre
  9344 | D:8      | Reached skill level 6 in Fighting
  9344 | D:8      | Reached skill level 9 in Dodging
  9454 | D:8      | Reached skill level 7 in Fighting
  9533 | D:8      | Noticed a gargoyle
  9543 | D:8      | Killed a gargoyle
  9585 | D:8      | Killed a centaur warrior
  9585 | D:8      | Reached ** piety under Cheibriados
  9586 | D:8      | Reached skill level 8 in Fighting
  9642 | D:8      | Noticed a centaur warrior
  9650 | D:8      | Noticed a seven-headed hydra
  9655 | D:8      | Killed a seven-headed hydra
  9656 | D:8      | Reached skill level 3 in Bows
  9667 | D:8      | Shot with an arrow by a centaur warrior

Vanquished Creatures
  A hydra (D:8)
  A two-headed ogre (D:8)
  A centaur warrior (D:8)
  2 centaur zombies
  A gargoyle (D:8)
  A slime creature (D:8)
  A wraith (D:8)
  A yak (D:8)
  A vampire mosquito (D:8)
  Edmund (D:4)
  3 water moccasins
  Duvessa (D:7)
  3 orc warriors
  2 black bears
  An ice beast (D:7)
  A sky beast (D:5)
  2 ogres (D:6)
  3 necrophages
  A centaur (D:5)
  3 kobold brigands (D:7)
  3 bullfrogs
  2 scorpions
  Dowan (D:7)
  5 killer bees (D:6)
  11 wights
  3 orc priests
  2 hounds
  A jelly (D:4)
  3 bullfrog skeletons
  A gnoll shaman (D:4)
  2 iguanas
  A scorpion zombie (D:3)
  4 orc wizards
  2 hound skeletons (D:4)
  7 gnolls (D:4)
  7 adders
  A shadow imp (D:6)
  3 white imps
  An ufetubus (D:7)
  2 adder skeletons (D:4)
  4 worms
  4 dart slugs
  20 orcs
  7 endoplasms
  3 giant cockroaches
  12 hobgoblins
  7 jackals
  23 kobolds
  5 quokkas
  7 ball pythons
  A ball python zombie (D:3)
  3 bats
  4 frilled lizards
  10 goblins
  A quokka skeleton (D:4)
  A quokka zombie (D:3)
  3 rats
208 creatures vanquished.

Vanquished Creatures (others)
  38 fulminant prisms
  2 fungi (D:4)
40 creatures vanquished.

Grand Total: 248 creatures vanquished

Table legend:
 A = Non-vault XP
 B = Vault XP
 C = Vault XP percentage of total XP
 D = Non-vault monster count
 E = Vault monster count
 F = Vault count percentage of total count
                 A         B        C        D         E       F
            +---------+---------+-------+---------+---------+-------
      Total |    4743 |    5157 |  52.1 |     162 |      46 |  22.1
            +---------+---------+-------+---------+---------+-------
        D:1 |      34 |       0 |   0.0 |      22 |       0 |   0.0
        D:2 |     104 |      12 |  10.3 |      23 |       5 |  17.9
        D:3 |      40 |      38 |  48.7 |      15 |       3 |  16.7
        D:4 |     444 |     437 |  49.6 |      26 |      18 |  40.9
        D:5 |    1282 |       0 |   0.0 |      19 |       0 |   0.0
        D:6 |    1288 |       0 |   0.0 |      21 |       0 |   0.0
        D:7 |    1046 |     226 |  17.8 |      25 |       8 |  24.2
        D:8 |     505 |    4444 |  89.8 |      11 |      12 |  52.2
            +---------+---------+-------+---------+---------+-------

Illustrated notes

Table legend:
 A = Kills in this place as a percentage of kills in entire the game.
 B = Kills by you in this place as a percentage of kills by you in the entire game.
 C = Kills by friends in this place as a percentage of kills by friends in the entire game.
 D = Other kills in this place as a percentage of other kills in the entire game.
 E = Experience gained in this place as a percentage of experience gained in the entire game.
 F = Experience gained in this place divided by the number of levels of this place that you have seen.
                   A       B       C       D       E      F
               +-------+-------+-------+-------+-------+----------------------
         Total | 100.0 | 100.0 |   N/A |   N/A | 100.0 | 1100.0
       Dungeon | 100.0 | 100.0 |   N/A |   N/A | 100.0 | 1237.5
               +-------+-------+-------+-------+-------+----------------------

Table legend: (Time is in decaauts)
 A = Elapsed time spent in this place.
 B = Non-inter-level travel time spent in this place.
 C = Inter-level travel time spent in this place.
 D = Time resting spent in this place.
 E = Time spent auto-exploring this place.
 F = Levels seen in this place.
 G = Mean time per level.
                   A        B        C        D        E       F      G
               +--------+--------+--------+--------+--------+-----+--------+
         Total |  10098 |   9786 |    312 |   1040 |   7451 |   9 | 1122.0 |
       Dungeon |  10075 |   9773 |    302 |   1040 |   7441 |   8 | 1259.4 |
        Temple |     22 |     13 |      9 |      0 |     10 |   1 |   22.0 |
               +--------+--------+--------+--------+--------+-----+--------+

Top non-repeatable levels by time:
     D:4: 1797 daAuts
     D:7: 1591 daAuts
     D:8: 1284 daAuts
     D:1: 1171 daAuts
     D:5: 1171 daAuts
     D:6: 1063 daAuts
     D:2: 1048 daAuts
     D:3: 948 daAuts
  Temple: 22 daAuts
